 Dungeon Crawl Stone Soup version 0.22.1-1-ga44c0e56f4 (webtiles) character file.

3740 NochnoyZador the Grappler (level 9, 0/85 HPs)
             Began as a Troll Monk on Oct 16, 2018.
             Was a Priest of Trog.
             Slain by a centaur (5 damage)
             ... on level 8 of the Dungeon.
             The game lasted 00:24:44 (5224 turns).

NochnoyZador the Grappler (Troll Monk)              Turns: 5224, Time: 00:24:45

Health: 0/85       AC:  5    Str: 21    XL:     9   Next: 93%
Magic:  8/8        EV: 13    Int:  6    God:    Trog [***...]
Gold:   392        SH:  0    Dex: 19    Spells: 8/8 levels left

rFire    . . .     SeeInvis .     - Unarmed
rCold    . . .     Gourm    +   (no shield)
rNeg     . . .     Faith    .   a - +0 robe
rPois    .         Spirit   .   o - +0 hat
rElec    .         Reflect  .   (no cloak)
rCorr    .         Harm     .   (gloves unavailable)
MR       +....                  (boots unavailable)
Stlth    +++.......             (no amulet)
HPRegen  0.64/turn              m - +4 ring of dexterity
MPRegen  0.11/turn              q - ring of protection from magic

@: lethally poisoned (0 -> 0)
A: large, unfitting armour, claws 3, fast metabolism 3, gourmand, regeneration
1, shaggy fur 1, tough skin 2
a: Berserk, Trog's Hand, Renounce Religion


You were on level 8 of the Dungeon.
You worshipped Trog.
Trog was most pleased with you.
You were completely stuffed.

You visited 2 branches of the dungeon, and saw 9 of its levels.

You collected 392 gold pieces.

Inventory:

Missiles
 x - 3 large rocks (quivered)
Armour
 a - a +0 robe (worn)
 o - a +0 hat (worn)
Jewellery
 m - a +4 ring of dexterity (left claw)
 q - a ring of protection from magic (right claw)
Wands
 n - a wand of polymorph (8)
 u - a wand of disintegration (11)
 w - a wand of random effects (17)
 y - a wand of digging (9)
 B - a wand of clouds (8)
 F - a wand of enslavement (16)
Scrolls
 c - 7 scrolls of teleportation
 f - a scroll of identify
 h - 3 scrolls of fear {unknown}
 i - a scroll of enchant armour {unknown}
 k - 2 scrolls of noise {unknown}
 p - 2 scrolls of remove curse {unknown}
 r - 2 scrolls of enchant weapon {unknown}
 D - a scroll of blinking {unknown}
 E - a scroll of fog {unknown}
 H - a scroll of magic mapping {unknown}
 I - a scroll of silence {unknown}
Potions
 d - a potion of mutation {unknown}
 e - a potion of agility {unknown}
 g - 2 potions of curing {unknown}
 j - 2 potions of invisibility {unknown}
 l - a potion of flight {unknown}
 s - 3 potions of resistance
 t - a potion of heal wounds {unknown}
 v - a potion of degeneration {unknown}
 z - 2 potions of berserk rage {unknown}
 A - a potion of haste {unknown}
 C - 2 potions of brilliance {unknown}
Comestibles
 b - 17 rations
 G - 4 chunks of flesh


   Skills:
 * Level 4.4 Fighting
 * Level 4.9 Dodging
 * Level 3.7 Stealth
 - Level 11.3 Unarmed Combat


You had 8 spell levels left.
You didn't know any spells.
Your spell library contained the following spells:

 Spells                   Type           Power        Failure   Level  Hunger
 Confusing Touch          Hex            #.....       45%         1    ##.....
 Confuse                  Hex            #.......     83%         3    ####...
 Gell's Gravitas          Tloc           #.........   83%         3    ####...
 Petrify                  Tmut/Erth      #.......     99%         4    #####..
 Metabolic Englaciation   Hex/Ice        #.........   100%        5    ######.
 Yara's Violent Unravell  Hex/Tmut       #.........   100%        5    ######.


Dungeon Overview and Level Annotations

Branches:
Dungeon (8/15)             Temple (1/1) D:5
   Lair: D:8-11

Altars:
Ashenzari
Cheibriados
Dithmenos
Elyvilon
Fedhas
Gozag
Hepliaklqana
Kikubaaqudgha
Makhleb
Nemelex Xobeh
Okawaru
Qazlal
Ru
Sif Muna
Trog
Vehumet
Xom
Yredelemnul
Zin
The Shining One


Innate Abilities, Weirdness & Mutations

You are too large for most types of armour.
You have claws for hands.
Your metabolism is lightning-fast.
You like to eat raw meat.
Your natural rate of healing is unusually fast.
You are covered in fur. (AC +1)
You have very tough skin. (AC +2)


Message History

Things that are here:
an arrow; 4 chunks of flesh; a bullfrog skeleton You feel sick.
You see here a killer bee corpse.
You feel sick.
There is an open door here.
You feel sick.
The centaur shoots an arrow.
The arrow misses you.
You see here an arrow.
You feel sick.
You start resting.
You feel sick.
The centaur is too close now for your liking.
You feel sick.
The centaur shoots an arrow.
The arrow hits you.
* * * LOW HITPOINT WARNING * * *
The bullfrog gives a loud, deep croak!
You see here an arrow.
You feel sick.
The centaur unwields an uncursed shortbow.
The centaur hits you.
You die...

..(.#
#....###)###...##
....# ##...#
#(#8#.### ..(.##
##...#.#)#.#...#
.....#
#....#.....#...#
...).#
#....#.._..#...#
.....#
#....#######...#
.....#
#..............#
.....#
#......##......#
######
#.(@(..#######+# .
####c### ......
....###.†††.##......
...........F†.......
[...................
............##......
............# ......
....###.....# .....
+### #.....# .....


You could see a bullfrog and a centaur.

Vanquished Creatures
  A yak (D:7)
  The ghost of Thargor the Shield-Bearer, an amateur MiFi of Cheibriados (D:3)
  3 humans
  3 hogs (D:7)
  Duvessa (D:7)
  A water moccasin (D:6)
  2 sky beasts
  An ogre (D:4)
  2 centaurs
  2 big kobolds (D:8)
  6 bullfrogs
  A wyvern skeleton (D:7)
  Dowan (D:7)
  4 scorpions
  4 killer bees (D:8)
  A howler monkey (D:5)
  A crimson imp (D:5)
  A bullfrog zombie (D:6)
  6 hounds
  3 orc priests
  2 bullfrog skeletons (D:7)
  A centaur skeleton (D:7)
  4 orc wizards
  5 worker ants
  A killer bee zombie (D:6)
  14 adders
  6 oozes
  An adder skeleton (D:4)
  A worm (D:2)
  6 dart slugs
  2 leopard geckos
  19 orcs
  15 bats
  7 giant cockroaches
  2 goblins
  5 hobgoblins
  2 quokkas
  2 ball pythons (D:2)
  A frilled lizard (D:1)
  14 kobolds
  13 rats
168 creatures vanquished.

Notes
Turn   | Place    | Note
-------+----------+-------------------------------------------
     0 | D:1      | NochnoyZador the Troll Monk began the quest for the Orb.
     0 | D:1      | Reached XP level 1. HP: 22/22 MP: 0/0
    69 | D:1      | Reached XP level 2. HP: 29/29 MP: 1/1
   172 | D:1      | Reached skill level 4 in Unarmed Combat
   446 | D:1      | Reached XP level 3. HP: 36/36 MP: 2/2
   606 | D:2      | Found a sparkling altar of Nemelex Xobeh.
   620 | D:2      | Reached XP level 4. HP: 40/44 MP: 3/3
   623 | D:2      | Reached skill level 5 in Unarmed Combat
   720 | D:2      | Found a stormy altar of Qazlal.
  1177 | D:3      | Found a runed gate.
  1177 | D:3      | Noticed Thargor's ghost (amateur MiFi)
  1178 | D:3      | Found a runed gate.
  1178 | D:3      | Found a runed gate.
  1219 | D:3      | Reached XP level 5. HP: 37/50 MP: 4/4
  1475 | D:3      | Reached skill level 6 in Unarmed Combat
  1759 | D:3      | Found a white marble altar of Elyvilon.
  1900 | D:3      | Killed Thargor's ghost
  1900 | D:3      | Reached skill level 7 in Unarmed Combat
  1900 | D:3      | Reached XP level 6. HP: 56/59 MP: 5/5
  2177 | D:4      | Noticed a sky beast
  2192 | D:4      | Killed a sky beast
  2192 | D:4      | Reached skill level 8 in Unarmed Combat
  2192 | D:4      | Reached XP level 7. HP: 45/66 MP: 6/6
  2326 | D:5      | Entered Level 5 of the Dungeon
  2475 | D:5      | Reached skill level 9 in Unarmed Combat
  2772 | D:5      | Reached XP level 8. HP: 74/74 MP: 7/7
  2803 | D:5      | Found a staircase to the Ecumenical Temple.
  3077 | Temple   | Entered the Ecumenical Temple
  3139 | Temple   | Became a worshipper of Trog the Wrathful
  3139 | Temple   | Reached * piety under Trog
  3139 | Temple   | Reached ** piety under Trog
  3215 | D:4      | Found a sparkling altar of Nemelex Xobeh.
  3257 | D:6      | Reached skill level 10 in Unarmed Combat
  3779 | D:6      | Found a hazy altar of Hepliaklqana.
  4094 | D:7      | Reached skill level 11 in Unarmed Combat
  4473 | D:7      | Noticed Dowan
  4473 | D:7      | Noticed Duvessa
  4484 | D:7      | Killed Dowan
  4489 | D:7      | Killed Duvessa
  4489 | D:7      | Reached XP level 9. HP: 60/80 MP: 8/8
  5074 | D:8      | Reached *** piety under Trog
  5107 | D:8      | Found an iron altar of Okawaru.
  5224 | D:8      | Slain by a centaur

Skill      XL: |  1  2  3  4  5  6  7  8  9 |
---------------+----------------------------+-----
Unarmed Combat | 4 5 7 8 9 11 | 11.3
Stealth        | 2 3 |  3.7
Fighting       | 4 |  4.4
Dodging        | 4 |  4.9

Action                   |  1- 3 |  4- 6 |  7- 9 || total
-------------------------+-------+-------+-------++-------
Melee: Unarmed           |    56 |   148 |   231 ||   435
       Punch             |       |     4 |    10 ||    14
  Use: Scroll            |       |     2 |     3 ||     5
 Stab: Sleeping          |     2 |     4 |     5 ||    11
  Eat: Chunk             |    11 |    14 |    28 ||    53
Armor: Robe              |    19 |    56 |    59 ||   134
Dodge: Dodged            |    35 |    62 |   139 ||   236
